 Dungeon Crawl Stone Soup version 0.21.0 (webtiles) character file.

11704 tv1990 the Cleaver (level 12, -5/99 HPs)
             Began as a Formicid Fighter on Jan 5, 2018.
             Was a High Priest of Okawaru.
             Slain by an eight-headed hydra (9 damage)
             ... on level 11 of the Dungeon on Jan 6, 2018.
             The game lasted 00:29:20 (11936 turns).

tv1990 the Cleaver (Formicid Fighter)              Turns: 11936, Time: 00:29:20

Health: -5/99      AC: 21    Str: 23    XL:     12   Next: 11%
Magic:  17/17      EV: 14    Int:  7    God:    Okawaru [*****.]
Gold:   592        SH: 13    Dex: 14    Spells: 11/11 levels left

rFire    . . .     SeeInvis +   D - +1 flail (protect)
rCold    . . .     Gourm    .   c - +1 shield
rNeg     . . .     Faith    .   K - +0 plate armour (curse)
rPois    .         Spirit   .   (helmet unavailable)
rElec    .         Reflect  .   d - +2 cloak
rCorr    .         Harm     .   (no gloves)
MR       +....                  (no boots)
Stlth    ..........             (no amulet)
HPRegen  0.26/turn              F - +5 ring of evasion
MPRegen  0.15/turn              O - +3 ring of evasion

@: protection aura
A: permanent stasis, dig shafts and tunnels, four strong arms, antennae 3
a: Dig, Shaft Self, Heroism, Finesse, Renounce Religion


You were on level 11 of the Dungeon.
You worshipped Okawaru.
Okawaru was extremely pleased with you.
You were not hungry.

You visited 2 branches of the dungeon, and saw 15 of its levels.
You also visited: Sewer.

You collected 592 gold pieces.

Inventory:

Hand Weapons
 a - a +1 war axe
 D - a +1 flail of protection (weapon)
 N - a +0 battleaxe
 Q - a cursed -1 dire flail
Armour
 b - a +0 scale mail
 c - a +1 shield (worn)
 d - a +2 cloak (worn)
 i - a +0 cloak
 t - a +0 plate armour
 K - a cursed +0 plate armour (worn)
 M - a +1 hat of magic resistance
Jewellery
 m - a -2 ring of intelligence
 n - an uncursed ring of flight
 u - an uncursed ring of stealth
 F - a +5 ring of evasion (left hand)
 J - an uncursed ring of ice
 O - a +3 ring of evasion (right hand)
Wands
 C - a wand of disintegration (25)
Scrolls
 g - 2 scrolls of fear
 h - 6 scrolls of remove curse
 k - 11 scrolls of teleportation
 l - a scroll of blinking
 p - 4 scrolls of amnesia
 q - a scroll of fog
 r - 2 scrolls of random uselessness
 y - 2 scrolls of enchant armour
 A - a scroll of summoning
 B - a scroll of identify
 P - 3 scrolls of enchant weapon
 S - a scroll of immolation
Potions
 e - 7 potions of curing
 j - 3 potions of brilliance
 o - a potion of degeneration
 s - a potion of magic
 v - 2 potions of ambrosia
 w - 3 potions of flight
 z - a potion of cancellation
Books
 x - a book of Misfortune

   Spells                             Type                      Level
   a - Confusing Touch                Hexes                        1
   b - Confuse                        Hexes                        3
   c - Gell's Gravitas                Translocation                3
   d - Petrify                        Transmutation/Earth          4
   e - Metabolic Englaciation         Hexes/Ice                    5
   f - Yara's Violent Unravelling     Hexes/Transmutation          5
 E - a Young Poisoner's Handbook

   Spells                             Type                      Level
   a - Sting                          Conjuration/Poison           1
   b - Poisonous Vapours              Poison/Air                   2
   c - Mephitic Cloud                 Conjuration/Poison/Air       3
   d - Olgreb's Toxic Radiance        Poison                       4
   e - Venom Bolt                     Conjuration/Poison           5
 G - the Catalogue of Confrontation and Poisoning
   (You found it on level 8 of the Dungeon)

   Spells                             Type                      Level
   a - Ignite Poison                  Fire/Transmutation/Poison    3
   b - Irradiate                      Conjuration/Transmutation    5
   c - Spellforged Servitor           Conjuration/Summoning        7
 H - a book of Minor Magic

   Spells                             Type                      Level
   a - Magic Dart                     Conjuration                  1
   b - Blink                          Translocation                2
   c - Call Imp                       Summoning                    2
   d - Slow                           Hexes                        2
   e - Conjure Flame                  Conjuration/Fire             3
   f - Mephitic Cloud                 Conjuration/Poison/Air       3
 I - a book of Air

   Spells                             Type                      Level
   a - Shock                          Conjuration/Air              1
   b - Swiftness                      Charms/Air                   2
   c - Static Discharge               Conjuration/Air              3
   d - Airstrike                      Air                          4
   e - Lightning Bolt                 Conjuration/Air              5
 L - a book of Callings

   Spells                             Type                      Level
   a - Summon Small Mammal            Summoning                    1
   b - Call Imp                       Summoning                    2
   c - Call Canine Familiar           Summoning                    3
   d - Summon Guardian Golem          Hexes/Summoning              3
   e - Summon Lightning Spire         Summoning/Air                4
   f - Summon Ice Beast               Ice/Summoning                4
Comestibles
 f - 14 rations


   Skills:
 + Level 10.6 Fighting
 * Level 12.9 Axes
 - Level 3.2 Armour
 - Level 9.1 Shields
 + Level 7.1 Invocations


You had 11 spell levels left.
You didn't know any spells.

Dungeon Overview and Level Annotations

Branches:
Dungeon (14/15)            Temple (1/1) D:7            Lair (0/6) D:11
    Orc: D:9-12      Vaults: D:13-14

Altars:
Ashenzari
Cheibriados
Dithmenos
Elyvilon
Fedhas
Gozag
Hepliaklqana
Kikubaaqudgha
Nemelex Xobeh
Okawaru
Qazlal
Ru
Trog
The Shining One

Shops:
D:13 ?


Innate Abilities, Weirdness & Mutations

You cannot be hasted, slowed, berserked, paralysed or teleported.
You can dig through walls and to a lower floor.
Your four strong arms can wield two-handed weapons with a shield.
You have a pair of large antennae on your head. (SInv)


Message History

The eight-headed hydra completely misses you.
You block the eight-headed hydra's attack.
The eight-headed hydra bites you.
* * * LOW HITPOINT WARNING * * *
The eight-headed hydra closely misses you.
You block the eight-headed hydra's attack.
The eight-headed hydra bites you but does no damage. x2
You block the eight-headed hydra's attack.
Unknown command.
Are you sure you want to shaft yourself?
You feel quite a bit more hungry. The eight-headed hydra bites you!
* * * LOW HITPOINT WARNING * * *
You block the eight-headed hydra's attack.
The eight-headed hydra bites you but does no damage.
You block the eight-headed hydra's attack.
The eight-headed hydra bites you!
* * * LOW HITPOINT WARNING * * *
The eight-headed hydra closely misses you.
The eight-headed hydra bites you!
You die...

#...# #.#(......##.#
#..... ###.#
#......##.##.######## #.#
####..###......# #.#
#.####......## #.#
#........[..<# #.#
#...##.......#### #.#
#...#...........# #.#
#D..#..##.#..##.#
#.########@..#.###....##.#
#..........<....###...##.#
##########...#..#
#...##.##
#...#..###...##.##
#..............#..
##............###.
##.######...## ##
#......>..#.###.
########)###.#..


You could see an eight-headed hydra.

Vanquished Creatures
  Gastronok (D:11)
  4 two-headed ogres
  The ghost of theswoord the Stinger, a novice NaVM of Cheibriados (D:5)
  Maurice (D:9)
  A merfolk (D:9)
  2 trolls (D:10)
  Grinder (D:7)
  2 hippogriffs
  The ghost of Vajrapani the Conjurer, an amateur TeEn of Nemelex Xobeh (D:4)
  A wraith (D:10)
  A wyvern (D:11)
  2 shadows
  A vampire (D:13)
  A yak (D:11)
  2 hungry ghosts
  2 porcupines (D:11)
  2 sky beasts
  A hornet zombie (D:10)
  3 ice beasts (D:10)
  5 orc warriors
  5 ogres
  5 centaurs
  4 bullfrogs
  Dowan (D:7)
  4 scorpions
  3 killer bees (D:13)
  A wight (D:6)
  2 howler monkeys (D:7)
  4 crimson imps
  A jelly (D:11)
  2 bullfrog zombies
  A centaur zombie (D:7)
  A centaur skeleton (D:11)
  4 hounds
  6 orc wizards
  5 orc priests
  Jessica (D:2)
  4 iguanas
  4 worker ants
  2 hound zombies
  14 adders
  4 river rats (Sewer)
  3 worms
  2 dart slugs
  7 leopard geckos
  24 orcs
  6 giant cockroaches
  12 goblins
  8 hobgoblins
  10 jackals
  7 quokkas
  6 ball pythons
  10 bats
  5 frilled lizards (Sewer)
  A jackal zombie (D:7)
  4 kobolds
  A leopard gecko skeleton (D:5)
  15 rats
234 creatures vanquished.

Vanquished Creatures (others)
  Fannar (D:11)
  Duvessa (D:7)
  11 fungi (D:11)
  4 plants (D:11)
17 creatures vanquished.

Grand Total: 251 creatures vanquished

Notes
Turn   | Place    | Note
-------+----------+-------------------------------------------
     0 | D:1      | tv1990 the Formicid Fighter began the quest for the Orb.
     0 | D:1      | Reached XP level 1. HP: 18/18 MP: 1/1
    83 | D:1      | Reached XP level 2. HP: 24/24 MP: 2/2
   268 | D:1      | Reached XP level 3. HP: 27/29 MP: 3/3
   593 | D:1      | Reached skill level 3 in Axes
   755 | D:2      | Reached XP level 4. HP: 22/37 MP: 4/4
   980 | D:2      | Noticed Jessica
   990 | D:2      | Killed Jessica
  1164 | D:2      | Found an opulent altar of Gozag.
  1215 | D:2      | Reached XP level 5. HP: 42/42 MP: 5/5
  1618 | D:3      | Reached skill level 4 in Axes
  1893 | D:3      | Found a glowing drain.
  1898 | Sewer    | Entered a sewer
  2213 | Sewer    | Reached XP level 6. HP: 32/49 MP: 6/6
  2664 | D:4      | Noticed an ogre
  2670 | D:4      | You fall through a shaft for 2 floors!
  2781 | D:6      | Noticed an orc warrior
  2790 | D:6      | Reached skill level 5 in Shields
  2792 | D:6      | Killed an orc warrior
  2798 | D:6      | Reached skill level 5 in Axes
  2798 | D:6      | Reached XP level 7. HP: 30/55 MP: 7/7
  2920 | D:6      | Noticed Grinder
  2924 | D:6      | You fall through a shaft for 3 floors!
  2926 | D:9      | Found a shadowy altar of Dithmenos.
  3013 | D:8      | Reached skill level 5 in Fighting
  3158 | D:7      | Noticed a hungry ghost
  3193 | D:7      | Killed a hungry ghost
  3193 | D:7      | Reached skill level 6 in Axes
  3193 | D:7      | Reached XP level 8. HP: 50/63 MP: 8/8
  3588 | D:5      | Entered Level 5 of the Dungeon
  3726 | D:5      | Reached skill level 7 in Axes
  4144 | D:4      | Noticed Vajrapani's ghost (amateur TeEn)
  4157 | D:4      | Killed Vajrapani's ghost
  4316 | D:4      | Reached XP level 9. HP: 40/71 MP: 9/9
  4708 | D:5      | Reached skill level 8 in Axes
  4756 | D:5      | Noticed theswoord's ghost (novice NaVM)
  4767 | D:5      | Killed theswoord's ghost
  5254 | D:6      | Found a sparkling altar of Nemelex Xobeh.
  5740 | D:7      | Reached skill level 9 in Axes
  5839 | D:7      | Found a staircase to the Ecumenical Temple.
  5855 | Temple   | Entered the Ecumenical Temple
  5951 | Temple   | Became a worshipper of Warmaster Okawaru
  6135 | D:7      | Noticed Duvessa
  6138 | D:7      | Noticed Dowan
  6156 | D:7      | Killed Duvessa
  6168 | D:7      | Killed Grinder
  6171 | D:7      | Killed Dowan
  6171 | D:7      | Reached XP level 10. HP: 38/80 MP: 10/10
  6464 | D:8      | Identified the Catalogue of Confrontation and Poisoning
  6605 | D:8      | Found a hazy altar of Hepliaklqana.
  7061 | D:9      | Noticed Maurice
  7099 | D:9      | Killed Maurice
  7099 | D:9      | Reached * piety under Okawaru
  7099 | D:9      | Reached skill level 10 in Axes
  7181 | D:9      | Noticed a two-headed ogre
  7198 | D:9      | Killed a two-headed ogre
  7198 | D:9      | Reached ** piety under Okawaru
  8371 | D:10     | Entered Level 10 of the Dungeon
  8467 | D:10     | Noticed a two-headed ogre
  8482 | D:10     | Killed a two-headed ogre
  8482 | D:10     | Reached *** piety under Okawaru
  8482 | D:10     | Reached skill level 11 in Axes
  8482 | D:10     | Reached XP level 11. HP: 27/89 MP: 13/13
  9277 | D:10     | Reached **** piety under Okawaru
  9432 | D:10     | Reached skill level 5 in Invocations
  9686 | D:11     | Noticed an eight-headed hydra
  9693 | D:11     | You fall through a shaft for 3 floors!
  9858 | D:14     | Noticed a purple ugly thing
  9858 | D:14     | Noticed a purple ugly thing
  9859 | D:14     | Noticed a purple ugly thing
  9860 | D:14     | Noticed a purple ugly thing
  9861 | D:14     | Noticed a purple ugly thing
  9866 | D:13     | Found Imof's Magic Scroll Boutique.
 10092 | D:11     | Noticed Gastronok
 10110 | D:11     | Killed Gastronok
 10110 | D:11     | Reached skill level 10 in Fighting
 10110 | D:11     | Reached skill level 12 in Axes
 10866 | D:11     | Noticed a two-headed ogre
 10876 | D:11     | Killed a two-headed ogre
 11219 | D:11     | Noticed a two-headed ogre
 11227 | D:11     | Killed a two-headed ogre
 11227 | D:11     | Received a gift from Okawaru
 11251 | D:11     | Noticed Fannar
 11253 | D:11     | Found a stormy altar of Qazlal.
 11267 | D:11     | You fall through a shaft!
 11571 | D:11     | Reached XP level 12. HP: 93/98 MP: 17/17
 11576 | D:11     | Found a staircase to the Lair.
 11640 | D:11     | Killed Fannar
 11881 | D:11     | Reached ***** piety under Okawaru
 11936 | D:11     | HP: 4/99 [eight-headed hydra (10)]
 11936 | D:11     | Slain by an eight-headed hydra

Skill      XL: |  1  2  3  4  5  6  7  8  9 10 11 12 |
---------------+-------------------------------------+-----
Shields        | 4 5 6 7 8 9 |  9.1
Axes           | 3 4 5 6 7 9 11 12 | 12.9
Fighting       | 4 5 6 7 9 10 | 10.6
Invocations    | 3 6 7 |  7.1
Armour         | |  3.2

Action                   |  1- 3 |  4- 6 |  7- 9 | 10-12 || total
-------------------------+-------+-------+-------+-------++-------
Melee: War axe           |    84 |   216 |   296 |   258 ||   854
       Battleaxe         |       |       |       |   130 ||   130
       Flail             |       |       |       |    11 ||    11
Invok: Heroism           |       |       |       |     3 ||     3
 Abil: Dig               |       |     4 |     3 |     1 ||     8
       Shaft Self        |       |     1 |     1 |     3 ||     5
  Use: Scroll            |       |       |    15 |     7 ||    22
       Potion            |       |       |     4 |     2 ||     6
 Stab: Distracted        |       |     1 |       |       ||     1
  Eat: Chunk             |       |     7 |    16 |    20 ||    43
       Ration            |       |       |     2 |     1 ||     3
Armor: Scale mail        |    36 |    67 |       |       ||   103
       Plate armour      |       |       |   132 |   137 ||   269
Dodge: Dodged            |    27 |    72 |    46 |   131 ||   276
Block: Shield            |    43 |   128 |   164 |   232 ||   567

Vault maps used:
D:1:      dpeg_arrival_arbitrary_c, minmay_split_cup_large
D:2:      grunt_gozag_statues, uniq_jessica
D:3:      portal_sewer_entry_e, wad_floor_pattern_untrapped
D:4:      first_ration, glass_columns_a
D:5:      st_stairs_12
D:6:      basic_altar, kennysheep_generic_room_3, uniq_grinder
D:7:      minmay_temple_entry_junction_2, serial_glass, glass_columns_a,
          glass_columns_b, uniq_duvessa
D:8:      marbit_many_paths
D:9:      hangedman_fish_farm, hex_medium, nicolae_dithmenos_shadow_blocks,
          uniq_maurice
D:11:     grunt_lair_entry_orc_guard_hut, nicolae_qazlal_style_of_elements,
          uniq_fannar, uniq_gastronok
D:12:     hiddenorc1_lemuel, uniq_nessos
D:13:     serial_shops, shop, nicolae_tso_swordbearing_angel
D:14:     grunt_vaults_entry_tiered, solitary_fountain, special_room
Temple:   roderic_octagonal_lattice_temple
Sewer:    sewer_co_cracked_pipes
